 Dungeon Crawl Stone Soup version 0.32-a0-468-g38b2580584 (webtiles) character file.

Game seed: 7185291093930594475

1189 Sabo the Cleaver (level 8, 0/105 HPs)
             Began as a Mountain Dwarf Monk on Feb 24, 2024.
             Succumbed to an adder's poison
             ... on level 4 of the Dungeon.
             The game lasted 00:17:50 (3117 turns).

Sabo the Cleaver (Mountain Dwarf Monk)              Turns: 3117, Time: 00:17:50

Health: 0/105      AC: 16    Str: 16 (17) XL:     8   Next: 19%
Magic:  8/8        EV:  2    Int:  7 (10) God:
Gold:   207        SH:  0    Dex: 10 (12) Spells: 7/7 levels left

rFire   + . .        m - +1 hand axe (vamp)
rCold   + . .        d - orb {light}
rNeg    . . .        f - melded +0 chain mail
rPois   +            (helmet currently unavailable)
rElec   +            (cloak currently unavailable)
rCorr   +            o - melded +0 pair of gloves
SInv    .            (boots currently unavailable)
Will    +....        (no amulet)
Stlth   +            j - ring of willpower
HPRegen 0.37/turn    (no ring)
MPRegen 0.11/turn

%: no passive effects
@: brilliant, lethally poisoned (0 -> -1), tree-form, resistant, corroded,
attractive, glowing
A: stationary, stasis, torment immunity, boosted hp, runic magic, artefact
enchanting
a: no special abilities


You were on level 4 of the Dungeon.
You were a tree.
You visited 1 branch of the dungeon, and saw 4 of its levels.
You also visited: Sewer.

You collected 207 gold pieces.

Inventory:

Hand Weapons
 e - a +0 war axe
 m - a +1 vampiric hand axe (weapon)
 y - a +1 whip of freezing
Missiles
 b - 2 poisoned darts (quivered)
Armour
 d - an orb of light (worn)
 f - a +0 chain mail (melded)
 o - a +0 pair of gloves (melded)
Jewellery
 j - a ring of willpower (left branch)
Talismans
 q - a maw talisman
Wands
 c - a wand of flame (6)
Scrolls
 a - a scroll of amnesia
 g - a scroll of brand weapon {unknown}
 i - 3 scrolls of teleportation
 r - a scroll of revelation
 s - a scroll of enchant weapon {unknown}
 v - a scroll of fear
Potions
 k - a potion of brilliance
 n - 2 potions of haste {unknown}
 p - a potion of degeneration
 t - a potion of heal wounds {unknown}
 u - a potion of resistance
 w - a potion of invisibility {unknown}
 x - a potion of magic {unknown}
 z - a potion of mutation {unknown}
 A - a potion of curing {unknown}


   Skills:
 + Level 5.9 Fighting
 + Level 8.9 Axes
 + Level 4.8 Armour
 + Level 3.1 Dodging
 + Level 0.1 Stealth


You had 7 spell levels left.
You didn't know any spells.
Your spell library contained the following spells:

 Spells                   Type           Power      Damage    Failure   Level
 Blink                    Tloc           0%         N/A       56%         2
 Ensorcelled Hibernation  Hex/Ice        0%         N/A       56%         2
 Lesser Beckoning         Tloc           0%         N/A       56%         2
 Momentum Strike          Conj/Tloc      0%         3d8       56%         2
 Fugue of the Fallen      Necr           0%         N/A       80%         3
 Anguish                  Hex/Necr       0%         N/A       99%         4


Dungeon Overview and Level Annotations

Branches:
Dungeon (4/15)              Sewer (visited)
 Temple: D:4-7

Altars:
Vehumet

Shops:
D:2 *


Innate Abilities, Weirdness & Mutations

You are a tree.
Your roots penetrate the ground, keeping you stationary.
You cannot be teleported.
You are immune to unholy pain and torment.
Your maximum health is greatly increased.
Your equipment is partially melded.
Your spellcasting is much less encumbered by armour.
You can use scrolls of enchantment on lesser artefacts.


Message History

* * * LOW HITPOINT WARNING * * *
The adder barely misses you.
You hit the adder.
The adder is severely wounded.
You feel sick. The adder bites you.
* * * LOW HITPOINT WARNING * * *
You are lethally poisoned!
The adder poisons you!
You hit the adder.
The adder is severely wounded.
* * * LOW HITPOINT WARNING * * *
You feel sick. The adder bites you but does no damage.
You slash the adder!
You kill the adder!
* * * LOW HITPOINT WARNING * * *
You feel sick.
* * * LOW HITPOINT WARNING * * *
You feel sick.
It was a potion of brilliance.
You feel clever all of a sudden.
* * * LOW HITPOINT WARNING * * *
You feel sick.
It was a potion of lignification.
You turn into a tree.
Your +0 pair of gloves melds into your body.
Your +0 chain mail melds into your body.
Your roots penetrate the ground.
* * * LOW HITPOINT WARNING * * *
You feel sick.
It was a potion of resistance.
You feel protected.
* * * LOW HITPOINT WARNING * * *
You feel sick.
It was a potion of degeneration.
There was something very wrong with that liquid.
You feel weakened.
You feel dopey.
You feel clumsy.
* * * LOW HITPOINT WARNING * * *
You feel sick.
It was a potion of attraction.
You feel attractive to monsters.
You die...

#... ######### #>..
#......!. #... #.......#
###+##### #... #.......#
#.......# #... #.......#
#.......+ #...
#....?..###.......###...
........'.............[.
.#.....♣###.......####.#
#......# #..[..........
#.....$# #.##########.#
#......# #.# #.......#
######## #.# #.#######
#.# #.#...... #.#
#.###.### #.....#
#######


There were no monsters in sight!

Vanquished Creatures
  Pikel (D:4)
  Grinder (D:3)
  2 brain worms (Sewer)
  An orc priest (D:3)
  A bombardier beetle (D:3)
  2 jellies (D:4)
  Jessica (D:2)
  2 orc wizards (D:3)
  10 adders
  3 gnolls (D:3)
  A river rat (Sewer)
  3 dart slugs
  3 ribbon worms (D:3)
  5 orcs (D:3)
  7 endoplasms
  5 giant cockroaches
  8 goblins
  3 hobgoblins
  5 kobolds
  4 quokkas
  14 ball pythons
  7 bats
  7 frilled lizards
  11 rats
107 creatures vanquished.

Notes
Turn   | Place    | Note
-------+----------+-------------------------------------------
     0 | D:1      | Sabo the Mountain Dwarf Monk began the quest for the Orb.
     0 | D:1      | Reached XP level 1. HP: 19/19 MP: 1/1
    89 | D:1      | Reached XP level 2. HP: 20/26 MP: 2/2
   322 | D:1      | Reached skill level 4 in Axes
   742 | D:1      | Reached XP level 3. HP: 33/33 MP: 3/3
  1154 | D:2      | Noticed Jessica
  1159 | D:2      | Killed Jessica
  1160 | D:2      | Reached skill level 1 in Armour
  1160 | D:2      | Reached XP level 4. HP: 36/40 MP: 4/4
  1178 | D:2      | Found Naotuen's Assorted Antiques.
  1278 | D:2      | Reached skill level 5 in Axes
  1813 | D:3      | Found a radiant altar of Vehumet.
  1822 | D:3      | Reached XP level 5. HP: 38/46 MP: 5/5
  1852 | D:3      | Reached skill level 6 in Axes
  1895 | D:3      | Reached XP level 6. HP: 11/52 MP: 6/6
  2010 | D:3      | Noticed Grinder
  2020 | D:3      | Paralysed by Grinder for 3 turns
  2040 | D:3      | Paralysed by Grinder for 2 turns
  2043 | D:3      | Killed Grinder
  2044 | D:3      | Reached skill level 7 in Axes
  2156 | D:3      | Found a glowing drain.
  2160 | Sewer    | Entered a sewer
  2242 | Sewer    | Reached XP level 7. HP: 37/60 MP: 3/7
  2246 | Sewer    | Reached skill level 5 in Fighting
  3046 | D:4      | Noticed Pikel
  3068 | D:4      | Killed Pikel
  3069 | D:4      | Reached skill level 8 in Axes
  3069 | D:4      | Reached XP level 8. HP: 30/70 MP: 8/8
  3111 | D:4      | HP: 3/70 [poisoned by an adder]
  3116 | D:4      | HP: 1/105 [poisoned by an adder]
  3117 | D:4      | Succumbed to an adder's poison

Illustrated notes

Levels and vault maps discovered:
D:1:      onia_arrival_handbag, layout_basic
D:2:      layout_basic, serial_shops, shop, uniq_jessica
D:3:      layout_rooms, vehumet_altar_wand_db, gup_sewer_entry_spiral,
          uniq_grinder
D:4:      layout_basic, nicolae_ossuary_entry_giza,
          hangedman_abyss_or_decor_lesser_grid, uniq_pikel

Skill      XL: |  1  2  3  4  5  6  7  8 |
---------------+-------------------------+-----
Axes           | 4 5 6 7 8 |  8.9
Armour         | 1 2 3 4 |  4.8
Fighting       | 4 5 |  5.9
Dodging        | 3 |  3.1
Stealth        | |  0.1

Action                     |  1- 3 |  4- 6 |  7- 9 || total
---------------------------+-------+-------+-------++-------
  Melee: Hand axe          |   111 |   178 |    72 ||   361
    Use: Scroll            |       |     2 |     2 ||     4
         Potion            |       |     1 |     5 ||     6
 Armour: Robe              |     9 |       |       ||     9
         Chain mail        |    74 |   168 |    67 ||   309
  Dodge: Dodged            |    42 |    85 |    37 ||   164

Table legend: (Time is in decaauts)
 A = Elapsed time spent in this place.
 B = Non-inter-level travel time spent in this place.
 C = Inter-level travel time spent in this place.
 D = Time resting spent in this place.
 E = Time spent auto-exploring this place.
 F = Levels seen in this place.
 G = Mean time per level.
                   A        B        C        D        E       F      G
               +--------+--------+--------+--------+--------+-----+--------+
         Total |   3233 |   3233 |      0 |    257 |      0 |   5 |  646.6 |
       Dungeon |   2738 |   2738 |      0 |    187 |      0 |   4 |  684.5 |
         Sewer |    494 |    494 |      0 |     70 |      0 |   1 |  494.0 |
               +--------+--------+--------+--------+--------+-----+--------+

Top non-repeatable levels by time:
     D:1: 951 daAuts
     D:3: 941 daAuts
     D:2: 753 daAuts
   Sewer: 494 daAuts
     D:4: 92 daAuts
